 Dungeon Crawl Stone Soup version 0.31-a0-426-g3a05650e59 (webtiles) character file.

Game seed: 6049356059626027905

23 drugrobin the Sneak (level 2, 0/25 HPs)
             Began as a Demigod Delver on July 31, 2023.
             Succumbed to an adder's poison
             ... on level 2 of the Dungeon.
             The game lasted 00:03:42 (494 turns).

drugrobin the Sneak (Demigod Delver)                 Turns: 494, Time: 00:03:42

Health: 0/25       AC:  9    Str: 13    XL:     2   Next: 54%
Magic:  4/4        EV: 21    Int: 12    God:
Gold:   53         SH:  0    Dex: 15    Spells: 1/1 levels left

rFire   . . .        a - +0 hand axe
rCold   . . .        (no shield)
rNeg    . . .        k - +0 chain mail
rPois   .            (no helmet)
rElec   .            h - +0 cloak
rCorr   .            (no gloves)
SInv    .            (no boots)
Will    .....        j - amulet of the acrobat Stlth
                     d - ring of flight
HPRegen 0.24/turn    (no ring)
MPRegen 0.09/turn

%: acrobat
@: lethally poisoned (0 -> -3), acrobatic, flying, hasted, very quick
A: high MP 1, forlorn, divine attributes
a: no special abilities


You were on level 2 of the Dungeon.
You visited 1 branch of the dungeon, and saw 4 of its levels.

You collected 53 gold pieces.

Inventory:

Hand Weapons
 a - a +0 hand axe (weapon)
Armour
 b - a +0 leather armour
 h - a +0 cloak (worn)
 k - a +0 chain mail (worn)
Jewellery
 d - a ring of flight (left hand)
 j - an amulet of the acrobat (around neck)
Wands
 g - a wand of digging (1)
Scrolls
 c - 2 scrolls of fog
 e - a scroll of fear
 i - a scroll of enchant weapon {unknown}
 l - a scroll of vulnerability {unknown}
 m - a scroll of blinking {unknown}


   Skills:
 - Level 2.6 Fighting
 + Level 3.0 Axes
 - Level 1.7 Dodging
 - Level 4.5 Stealth


You had one spell level left.
You didn't know any spells.
Your spell library was empty.

Dungeon Overview and Level Annotations

Branches:
Dungeon (5/15)             Temple (0/1) D:4

Shops:
D:5 *

Annotations:
D:4 exclusion: howler monkey
D:5 exclusions: jelly, sleepcap and worm


Innate Abilities, Weirdness & Mutations

You have an increased reservoir of magic. (+10% MP)
You shall have no god before yourself.
Your divine heritage dramatically boosts your attributes as you level up.


Message History

You closely miss the adder.
The adder is heavily wounded.
You completely miss the frilled lizard. The adder bites you.
The frilled lizard closely misses you.
You barely miss the adder.
The adder is heavily wounded.
You hit the frilled lizard.
You kill the frilled lizard!
The adder bites you but does no damage. The adder closely misses you.
You closely miss the adder.
The adder is heavily wounded.
The adder barely misses you.
You miss the adder.
The adder is heavily wounded.
The adder barely misses you. The adder bites you.
You are poisoned.
The adder poisons you!
You barely miss the adder.
The adder is heavily wounded.
You feel sick. The adder bites you.
You are more poisoned.
The adder poisons you!
You miss the adder. You punch the adder, but do no damage.
The adder is heavily wounded.
You feel sick. The adder bites you but does no damage. The adder bites you.
* * * LOW HITPOINT WARNING * * *
You barely miss the adder.
The adder is heavily wounded.
* * * LOW HITPOINT WARNING * * *
You feel sick. The adder bites you but does no damage.
Unknown command.
Okay, then.
You feel yourself speed up.
* * * LOW HITPOINT WARNING * * *
You feel sick. The adder bites you.
* * * LOW HITPOINT WARNING * * *
* * * LOW HITPOINT WARNING * * *
You feel sick.
Found a hand axe.
You die...

). #.## #...
#..# #..## #...
.#.###.!#####.#
.......@......#
#######.........
........S####..#
######.## #$S#
###.# #..# #...#
#..# #.### #..#
#.#######..##
#...S.>.)...#


You could see an adder.

Vanquished Creatures
  An adder (D:3)
  An ufetubus (D:5)
  An endoplasm (D:2)
  A hobgoblin (D:4)
  2 kobolds
  A quokka (D:3)
  A ball python (D:3)
  A bat (D:2)
  A frilled lizard (D:2)
10 creatures vanquished.

Notes
Turn   | Place    | Note
-------+----------+-------------------------------------------
     0 | D:5      | drugrobin the Demigod Delver began the quest for the Orb.
     0 | D:5      | Reached XP level 1. HP: 18/18 MP: 3/3
    42 | D:5      | Noticed a black bear
    46 | D:5      | Found Besken's Neck Hole.
    85 | D:5      | Noticed a sleepcap
   107 | D:5      | Noticed an ice beast
   136 | D:5      | Noticed a jelly
   178 | D:5      | Noticed an ogre
   247 | D:4      | Noticed a howler monkey
   305 | D:4      | Found a staircase to the Ecumenical Temple.
   425 | D:3      | Reached XP level 2. HP: 11/25 MP: 4/4
   493 | D:2      | HP: 1/25 [poisoned by an adder]
   494 | D:2      | Succumbed to an adder's poison

Illustrated notes

Levels and vault maps discovered:
D:2:      layout_loops_ring
D:3:      layout_rooms, serial_rivers, chequers_serial_rivers_small_b,
          chequers_serial_rivers_micro_d, chequers_serial_rivers_room_b,
          chequers_serial_rivers_room_a, amcnicky_mini_rare_corridor_liquid,
          guppyfry_early_lair_pool
D:4:      dreamdust_elfheim, layout_loops_corners, temple_green
D:5:      layout_gridville, nicolae_overflow_hidden_temple,
          nicolae_shop_sticking_my_neck_out

Skill      XL: |  1  2 |
---------------+-------+-----
Axes           | 2 3 |  3.0
Fighting       | |  2.6
Dodging        | |  1.7
Stealth        | |  4.5

Action                     || total
---------------------------++-------
  Melee: Hand axe          ||    39
         Punch             ||     1
  Evoke: Wand              ||     2
    Use: Scroll            ||     1
         Potion            ||     1
   Stab: Sleeping          ||     1
 Armour: Chain mail        ||    16
         Leather armour    ||     1
  Dodge: Dodged            ||    25

Table legend: (Time is in decaauts)
 A = Elapsed time spent in this place.
 B = Non-inter-level travel time spent in this place.
 C = Inter-level travel time spent in this place.
 D = Time resting spent in this place.
 E = Time spent auto-exploring this place.
 F = Levels seen in this place.
 G = Mean time per level.
                   A        B        C        D        E       F      G
               +--------+--------+--------+--------+--------+-----+--------+
         Total |    499 |    490 |      9 |     16 |     11 |   4 |  124.8 |
       Dungeon |    499 |    490 |      9 |     16 |     11 |   4 |  124.8 |
               +--------+--------+--------+--------+--------+-----+--------+

Top non-repeatable levels by time:
     D:5: 207 daAuts
     D:4: 154 daAuts
     D:3: 92 daAuts
     D:2: 44 daAuts
